Map: Backwater LE

Players

Gerald - Winner!

  • Race: Protoss Protoss
  • Spawn Location: 5:00

NightEnD

  • Race: Protoss Protoss
  • Spawn Location: 11:00

Event: WCS Leipzig 2018

VOD

Have the link to the VOD?

Description

Time

  • Played on: Jan. 26, 2018, 6:39 a.m.
  • Length: 13:14

All games in this series

Show
View Real Time Build Order
Export as new Build Order

Gerald Protoss - Winner!

Build Orders: Archon Immortal, Blink Stalkers, Dark Templar Rush 

Get SALT Encoding   

  12  0:00  Probe  
  13  0:12  Probe  
  14  0:17  Pylon  
  14  0:24  Probe (Chrono Boost)  
  16  0:37  Probe (Chrono Boost)  
  16  0:38  Gateway  
  16  0:42  Probe (Chrono Boost)  
  16  0:45  Assimilator  
  17  0:51  Probe (Chrono Boost)  
  17  0:54  Assimilator  
  18  1:03  Probe (Chrono Boost)  
  19  1:06  Gateway  
  19  1:11  Probe (Chrono Boost)  
  20  1:18  Probe  
  20  1:25  Cybernetics Core  
  21  1:30  Probe  
  22  1:33  Pylon  
  22  1:42  Probe  
  23  1:54  Probe  
  23  1:58  Warp Gate (Chrono Boost)  
  23  2:00  Adept  
  23  2:01  Adept  
  28  2:09  Twilight Council  
  28  2:14  Pylon  
  28  2:15  Probe  
  29  2:29  Stalker  
  31  2:31  Stalker  
  31  2:36  Probe  
  34  2:53  Dark Shrine  
  34  3:03  Probe  
  35  3:13  Nexus  
  35  3:21  Probe  
  35  3:26  Pylon  
  36  3:33  Probe  
  36  3:34  Shield Battery  
  35  3:49  Probe  
  34  3:59  Blink (Chrono Boost)  
  34  4:02  Probe  
  35  4:04  Gateway  
  35  4:06  Dark Templar  
  35  4:09  Dark Templar  
  39  4:14  Probe  
  40  4:18  Shield Battery  
  40  4:26  Probe x2  
  43  4:38  Probe x2 (Chrono Boost)  
  43  4:40  Dark Templar  
  46  4:50  Probe (Chrono Boost)  
  46  4:56  Probe (Chrono Boost)  
  46  4:58  Dark Templar  
  46  4:59  Probe (Chrono Boost)  
  49  5:03  Probe (Chrono Boost)  
  49  5:05  Probe, Assimilator x2  
  49  5:06  Stalker  
  51  5:14  Probe  
  51  5:17  Probe  
  51  5:19  Gateway  
  51  5:21  Stalker  
  51  5:26  Probe  
  54  5:29  Probe  
  53  5:37  Gateway  
  53  5:38  Probe  
  53  5:41  Pylon  
  53  5:42  Forge  
  54  5:49  Pylon  
  54  5:50  Robotics Facility  
  54  5:56  Pylon  
  54  5:59  Probe, Stalker x2  
  58  6:07  Probe  
  59  6:15  Probe, Protoss Ground Weapons Level 1 (Chrono Boost)  
  59  6:16  Pylon  
  60  6:23  Nexus  
  60  6:25  Stalker  
  62  6:29  Stalker  
  63  6:37  Probe (Chrono Boost)  
  59  6:41  Gateway  
  59  6:43  Probe (Chrono Boost)  
  59  6:44  Observer  
  60  6:47  Stalker x2  
  60  6:49  Probe (Chrono Boost)  
  60  6:52  Probe (Chrono Boost)  
  66  6:57  Probe  
  66  6:59  Immortal  
  66  7:01  Stalker  
  69  7:04  Probe  
  70  7:09  Probe  
  75  7:16  Probe  
  75  7:19  Adept x2  
  75  7:21  Probe  
  81  7:25  Charge  
  81  7:28  Probe  
  82  7:31  Pylon  
  82  7:33  Probe  
  83  7:38  Immortal  
  83  7:43  Probe  
  83  7:44  Probe  
  89  7:46  Probe  
  89  7:49  Assimilator  
  90  7:53  Templar Archives, Assimilator  
  90  8:01  Zealot x2  
  90  8:02  Zealot  
  93  8:06  Zealot  
  93  8:12  Pylon  
  93  8:15  Gateway  
  90  8:22  Gateway  
  90  8:23  Gateway  
  90  8:25  Immortal (Chrono Boost)  
  90  8:27  Protoss Ground Weapons Level 2 (Chrono Boost)  
  90  8:32  Probe  
  90  8:33  Probe  
  96  8:38  High Templar x3  
  96  8:39  High Templar  
  104  8:43  Archon x2  
  102  8:49  Shield Battery  
  102  8:50  Shield Battery, Pylon  
  102  8:54  Dark Templar  
  104  8:57  Immortal (Chrono Boost)  
  104  9:02  Zealot  
  108  9:07  Pylon  
  108  9:11  High Templar  
  108  9:12  High Templar  
  108  9:13  Zealot  
  108  9:16  Archon  
  114  9:18  Zealot x2  
  112  9:25  Dark Templar  
  112  9:29  Dark Templar  
  100  9:35  Zealot  
  94  9:39  Zealot  
  94  9:40  Zealot, Immortal (Chrono Boost)  
  98  9:55  Archon  
  98  9:59  Zealot x6  
  108  10:00  Zealot  
  108  10:10  Dark Templar  
  110  10:15  Probe, Dark Templar  
  110  10:18  Dark Templar x2  
  111  10:22  Dark Templar  
  109  10:31  Probe x2  
  109  10:35  Probe  
  112  10:38  Archon x2  
  112  10:40  High Templar x2, Warp Prism (Chrono Boost)  
  112  10:41  Zealot x3  
  122  10:48  Archon  
  124  10:59  Zealot x4  
  132  11:11  Pylon  
  132  11:12  Pylon, Photon Cannon  
  132  11:17  Pylon  
  131  11:28  Pylon  
  131  11:29  Pylon  
  131  11:32  Pylon  
  123  11:43  High Templar x7  
  123  11:45  Zealot  
  123  11:47  Archon x3  
  137  11:49  Probe  
  136  11:58  Probe  
  135  12:08  Dark Templar  
  137  12:13  Archon  
  137  12:14  Zealot x3  
  137  12:15  Zealot x4  
  147  12:17  Immortal  
  155  12:28  Nexus  
  99  12:45  Zealot x4  
  99  12:46  Zealot x3  
  95  12:59  Zealot  
  87  13:06  Zealot x4  
  87  13:07  Zealot x2  
Show
View Real Time Build Order
Export as new Build Order

NightEnD Protoss 

Build Orders: Oracle Opening 

Get SALT Encoding   

  12  0:00  Probe  
  13  0:13  Probe  
  14  0:20  Pylon  
  14  0:25  Probe  
  15  0:38  Probe (Chrono Boost)  
  15  0:39  Gateway  
  16  0:49  Probe (Chrono Boost), Assimilator  
  17  0:53  Probe (Chrono Boost)  
  18  0:57  Assimilator  
  18  1:05  Probe  
  19  1:11  Gateway  
  19  1:17  Probe  
  20  1:26  Cybernetics Core  
  20  1:29  Probe  
  21  1:39  Pylon  
  21  1:41  Probe  
  22  1:53  Probe  
  23  2:02  Warp Gate (Chrono Boost)  
  23  2:03  Stalker  
  27  2:09  Sentry  
  27  2:19  Probe  
  28  2:27  Stargate  
  28  2:36  Stalker  
  30  2:48  Nexus  
  30  2:56  Pylon  
  30  3:02  Pylon  
  30  3:12  Oracle (Chrono Boost)  
  33  3:20  Probe  
  33  3:23  Shield Battery  
  33  3:32  Probe  
  34  3:39  Oracle (Chrono Boost)  
  37  3:44  Probe  
  38  3:56  Probe  
  38  4:00  Shield Battery, Probe  
  40  4:09  Probe  
  41  4:13  Probe  
  41  4:14  Stalker  
  41  4:15  Stalker  
  46  4:21  Probe  
  46  4:22  Robotics Facility  
  47  4:29  Probe  
  47  4:30  Pylon  
  48  4:33  Probe  
  46  4:42  Stalker  
  46  4:43  Probe  
  49  4:48  Probe  
  50  4:55  Probe (Chrono Boost)  
  51  5:00  Probe (Chrono Boost)  
  53  5:07  Probe (Chrono Boost)  
  53  5:09  Probe (Chrono Boost)  
  53  5:12  Observer (Chrono Boost)  
  53  5:14  Probe (Chrono Boost)  
  56  5:22  Pylon  
  56  5:23  Probe, Assimilator, Forge  
  56  5:25  Probe  
  55  5:32  Twilight Council  
  54  5:37  Probe (Chrono Boost)  
  54  5:39  Assimilator  
  54  5:41  Probe (Chrono Boost), Observer  
  57  5:46  Probe (Chrono Boost)  
  57  5:49  Probe (Chrono Boost)  
  59  5:51  Probe  
  59  5:55  Pylon  
  60  6:00  Probe  
  60  6:03  Probe  
  62  6:06  Immortal (Chrono Boost), Protoss Ground Weapons Level 1  
  66  6:12  Probe  
  66  6:15  Probe  
  68  6:23  Zealot x2  
  68  6:24  Probe  
  73  6:26  Pylon  
  73  6:28  Probe  
  68  6:40  Immortal (Chrono Boost)  
  68  6:42  Blink (Chrono Boost)  
  68  6:46  Stalker x2  
  76  6:50  Pylon  
  76  7:02  Gateway  
  76  7:03  Gateway  
  76  7:04  Pylon  
  76  7:09  Immortal (Chrono Boost)  
  76  7:13  Stalker x2  
  84  7:29  Gateway  
  82  7:33  Gateway  
  82  7:41  Stalker x2, Warp Prism  
  88  8:00  Observer  
  86  8:08  Stalker x2  
  90  8:16  Pylon  
  90  8:17  Pylon  
  90  8:22  Photon Cannon  
  90  8:25  Shield Battery  
  90  8:31  Stalker x4  
  98  8:34  Nexus  
  98  8:37  Stalker  
  98  8:38  Stalker  
  100  8:50  Observer  
  100  9:04  Stalker x2  
  100  9:05  Stalker x3  
  100  9:09  Stalker  
  112  9:13  Observer  
  88  9:40  Stalker x5  
  88  9:41  Stalker  
  88  9:42  Observer (Chrono Boost)  
  99  10:07  Adept x6  
  95  10:09  Observer  
  99  10:16  Protoss Ground Weapons Level 2 (Chrono Boost)  
  99  10:27  Charge (Chrono Boost)  
  89  10:31  Immortal  
  89  10:33  Adept x3  
  97  10:39  Zealot x3  
  97  10:40  Zealot  
  97  10:41  Sentry x2  
  103  10:43  Templar Archives  
  103  10:45  Probe x3  
  106  11:03  Probe x2  
  107  11:04  Zealot x3  
  107  11:05  Zealot  
  107  11:08  Assimilator  
  107  11:10  Immortal (Chrono Boost)  
  117  11:36  Zealot  
  117  11:37  Zealot x5  
  127  11:45  Immortal (Chrono Boost)  
  127  11:46  Pylon  
  131  11:48  Pylon  
  131  11:49  Assimilator  
  131  11:59  High Templar  
  133  12:03  Pylon x2  
  133  12:05  High Templar x4, Pylon  
  133  12:08  Immortal (Chrono Boost)  
  145  12:09  Archon x2  
  145  12:18  High Templar  
  147  12:24  Archon  
  145  12:33  Zealot  
  115  12:37  Zealot x4  
  85  12:52  Zealot  
  85  12:55  Zealot  
  71  12:59  Zealot x3  
  71  13:00  Zealot  
Tags
 
Add a new tag
Caveats
  • Supply blocks, unpowered buildings, or Contaminate may cause inaccurate times.
  • Supply counts are checked every 10 seconds.